 Dungeon Crawl Stone Soup version 0.29.1-2-gbd0b4ee654 (webtiles) character file.

Game seed: 14683120049190130247

371 GeoRichter the Chiller (level 6, -3/41 HPs)
             Began as a Merfolk Ice Elementalist on Nov 14, 2022.
             Was a Follower of Vehumet.
             Killed by divine providence
             ... invoked by an orc priest
              (12 damage)
             ... on level 4 of the Dungeon.
             The game lasted 00:07:15 (4415 turns).

GeoRichter the Chiller (Merfolk Ice Elementalist)   Turns: 4415, Time: 00:07:16

Health: -3/41      AC:  3    Str:  8    XL:     6   Next: 70%
Magic:  8/11       EV: 12    Int: 16    God:    Vehumet [*.....]
Gold:   126        SH:  0    Dex: 15    Spells: 5/12 levels left

rFire   . . .      SeeInvis .   h - +0 double sword
rCold   . . .      Faith    .   (no shield)
rNeg    . . .      Spirit   .   a - +0 robe
rPois   .          Reflect  .   (no helmet)
rElec   .          Harm     .   (no cloak)
rCorr   .          Rampage  .   o - +0 pair of gloves
Will    .....                   (no boots)
Stlth   ++........              (no amulet)
HPRegen 0.13/turn               (no ring)
MPRegen 0.12/turn               (no ring)

@: no status effects
A: (nimble swimmer 2), mertail
a: Renounce Religion


You were on level 4 of the Dungeon.
You worshipped Vehumet.
Vehumet was aware of your devotion.
You visited 1 branch of the dungeon, and saw 4 of its levels.

You collected 126 gold pieces.

Inventory:

Hand Weapons
 h - a +0 double sword (weapon)
   (You found it on level 1 of the Dungeon)
 x - a +0 trident
   (You took it off an orc on level 4 of the Dungeon)
Armour
 a - a +0 robe (worn)
 o - a +0 pair of gloves (worn)
   (You found it on level 2 of the Dungeon)
Jewellery
 u - an amulet of faith {!P}
   (You took it off an orc wizard on level 4 of the Dungeon)
Wands
 r - a wand of light (6)
   (You found it on level 3 of the Dungeon)
Scrolls
 c - 4 scrolls of fear {unknown}
 d - 3 scrolls of identify {unknown}
 g - a scroll of brand weapon {unknown}
 i - a scroll of magic mapping {unknown}
 l - a scroll of teleportation {unknown}
 m - 2 scrolls of blinking {unknown}
 p - a scroll of silence {unknown}
 v - a scroll of amnesia {unknown}
 w - a scroll of vulnerability {unknown}
 y - a scroll of immolation {unknown}
Potions
 b - a potion of magic
 e - a potion of heal wounds {unknown}
 f - 3 potions of degeneration {unknown}
 j - 3 potions of flight {unknown}
 k - 3 potions of haste {unknown}
 n - a potion of brilliance {unknown}
 q - 2 potions of mutation {unknown}
 s - a potion of cancellation {unknown}
 t - a potion of might {unknown}


   Skills:
 - Level 2.6 Dodging
 - Level 2.1 Stealth
 + Level 3.9 Spellcasting
 * Level 7.4 Ice Magic


You had 5 spell levels left.
You knew the following spells:

 Your Spells              Type           Power      Damage    Failure   Level
a - Freeze                Ice            100%       1d11      1%          1
b - Frozen Ramparts       Ice            54%        1d9       2%          3
c - Ozocubu's Armour      Ice            27%        N/A       2%          3

Your spell library contained the following spells:

 Spells                   Type           Power      Damage    Failure   Level
 Magic Dart               Conj           12%        1d3       17%         1
 Hailstorm                Conj/Ice       15%        3d5       36%         4
 Ice Form                 Ice/Tmut       15%        N/A       36%         4
 Summon Ice Beast         Ice/Summ       15%        N/A       36%         4
 Metabolic Englaciation   Hex/Ice        7%         N/A       71%         5
 Simulacrum               Ice/Necr       7%         N/A       99%         6


Dungeon Overview and Level Annotations

Branches:
Dungeon (4/15) Zot: 19568
 Temple: D:4-7

Altars:
Ru
Vehumet
Zin

Shops:
D:3 *   D:4 :


Innate Abilities, Weirdness & Mutations

((You are very nimble when in or above water. (Stealth+, EV+, Speed+++)))
Your lower body shifts to a powerful aquatic tail in water.


Message History

What are your orders? t - Shout!
Orders for allies: a - Attack new target. r - Retreat! s - Stop attacking. g - Guard the area. f - Follow me.
Anything else - Cancel.
You shout for attention!
You hear a shout! x5
An orc priest comes into view. It is wielding a +0 club.
A hobgoblin comes into view.
The orc barely misses you.
The orc priest invokes the aid of Beogh against you.
Beogh smites you! The orc hits you with a +0 dagger.
The orc hits you but does no damage. A film of ice covers your body!
The orc hits you but does no damage.
The walls around you are covered in ice.
The wall freezes the orc.
The orc closely misses you.
You barely miss the orc.
The wall freezes the orc.
You kill the orc!
Vehumet accepts your kill.
The wall freezes the hobgoblin.
The wall freezes the hobgoblin.
The wall freezes the orc priest.
You slash the hobgoblin!
You kill the hobgoblin!
Vehumet accepts your kill.
You feel your power returning.
The wall freezes the orc priest.
The orc priest miscasts a cantrip.
The wall freezes the orc priest but does no damage.
The orc priest invokes the aid of Beogh against you.
Beogh smites you!
* * * LOW HITPOINT WARNING * * *
An orc priest comes into view. It is wielding a +0 morningstar.
Your icy armour and frozen ramparts will break if you move.
Continue?
Your icy armour cracks and falls away as you move.
The frozen ramparts melt away as you move.
The orc priest casts a cantrip, but nothing happens.
The orc priest begins to cast a cantrip, but forgets the words!
The orc priest invokes the aid of Beogh against you.
You barely resist.
The orc priest invokes the aid of Beogh against you.
Beogh smites you!
* * * LOW HITPOINT WARNING * * *
A ball python comes into view.
You see here a +0 hand axe.
Things that are here:
a +0 dagger; a +0 robe
There is a stone staircase leading up here.
The orc priest mumbles some strange prayers to Beogh against you.
Beogh smites you!
You die...

######## #############.......
#.#...........######
#.#.########### #....###
#.#@...#### #.#.##....###
#.#..####..)# # #.##..#####.#
.## #.###.o.# #.# #.....#.#
#.# ###.# #.######## #.~~~.#.#
#.# #o###.#....... #~...~#.#
#.#####)#.....###### #
#~._.~#.###.##>.....###...####


You could see 2 orc priests.

Vanquished Creatures
  A black bear (D:3)
  A jelly (D:4)
  A hound (D:4)
  3 orc wizards
  3 adders
  A white imp (D:3)
  2 worms (D:2)
  5 dart slugs
  10 orcs
  2 bats
  7 endoplasms
  5 giant cockroaches
  12 goblins
  8 hobgoblins
  5 jackals (D:1)
  6 kobolds
  2 quokkas
  5 ball pythons
  2 frilled lizards
  7 rats
88 creatures vanquished.

Notes
Turn   | Place    | Note
-------+----------+-------------------------------------------
     0 | D:1      | GeoRichter the Merfolk Ice Elementalist began the quest for
                  | the Orb.
     0 | D:1      | Reached XP level 1. HP: 13/13 MP: 3/3
   378 | D:1      | Reached XP level 2. HP: 19/19 MP: 0/5
  1009 | D:1      | Found a faded altar of an unknown god.
  1252 | D:1      | Reached skill level 5 in Ice Magic
  1261 | D:1      | Reached XP level 3. HP: 11/24 MP: 0/6
  1613 | D:2      | Learned a level 3 spell: Frozen Ramparts
  2255 | D:2      | Reached XP level 4. HP: 30/30 MP: 4/8
  2525 | D:3      | Learned a level 3 spell: Ozocubu's Armour
  2537 | D:3      | Found a glowing silver altar of Zin.
  2537 | D:3      | Found a radiant altar of Vehumet.
  2547 | D:3      | Found Weir Vao's General Store.
  2557 | D:3      | Became a worshipper of Vehumet
  3076 | D:3      | Noticed a black bear
  3087 | D:3      | Killed a black bear
  3088 | D:3      | Reached skill level 6 in Ice Magic
  3088 | D:3      | Reached XP level 5. HP: 35/35 MP: 0/10
  3380 | D:3      | Reached XP level 6. HP: 37/41 MP: 11/11
  3462 | D:3      | Reached * piety under Vehumet
  3462 | D:3      | Offered knowledge of Magic Dart by Vehumet.
  3786 | D:4      | Reached skill level 7 in Ice Magic
  4078 | D:4      | Found Lixtiu's Tremendous Tomes.
  4372 | D:4      | Found a sacrificial altar of Ru.
  4415 | D:4      | Killed from afar by an orc priest

Illustrated notes

Levels and vault maps discovered:
D:1:      wander_arrival_fairy_ring, layout_basic,
          shapermc_ecumenical_altar_pompeii
D:2:      layout_rooms, hangedman_decor_diamond_cutter, kennysheep_nondescript
D:3:      corexii_shack_village, layout_loops_ring,
          gammafunk_temple_overflow_elements, serial_shops, shop_fountains,
          grunt_ministairs_9
D:4:      layout_rooms, nicolae_ru_awakened_eye, nicolae_shop_i_like_big_books,
          hangedman_decor_lopped, moated_statue

Skill      XL: |  1  2  3  4  5  6 |
---------------+-------------------+-----
Ice Magic      | 5 6 7 |  7.4
Spellcasting   | 3 |  3.9
Dodging        | |  2.6
Stealth        | |  2.1

Action                   |  1- 3 |  4- 6 || total
-------------------------+-------+-------++-------
Melee: Dagger            |     5 |       ||     5
       Unarmed           |     1 |       ||     1
       Double sword      |    12 |    23 ||    35
 Cast: Freeze            |    58 |    47 ||   105
       Frozen Ramparts   |       |     9 ||     9
       Ozocubu's Armour  |       |     5 ||     5
 Stab: Sleeping          |     1 |     1 ||     2
Armor: Robe              |     7 |    16 ||    23
Dodge: Dodged            |    40 |    41 ||    81
